 Dungeon Crawl Stone Soup version 0.30-a0-702-gdf48620a09 (webtiles) character file.

Game seed: 1378119937752552358

13 GenialerGandalf the Trooper (level 2, -1/27 HPs)
             Began as a Hill Orc Fighter on Jan 21, 2023.
             Slain by Terence
             ... wielding a +0 hand axe
              (5 damage)
             ... on level 2 of the Dungeon.
             The game lasted 00:02:43 (567 turns).

GenialerGandalf the Trooper (Hill Orc Fighter)       Turns: 567, Time: 00:02:43

Health: -1/27      AC:  6    Str: 18    XL:     2   Next: 37%
Magic:  2/2        EV:  9    Int:  8    God:
Gold:   61         SH:  5    Dex: 16    Spells: 1/1 levels left

rFire   . . .      SeeInvis .    q - +3 hand axe
rCold   . . .      Faith    .    c - +0 buckler
rNeg    . . .      Spirit   .    b - +0 scale mail
rPois   .          Reflect  .    (no helmet)
rElec   .          Harm     .    (no cloak)
rCorr   .          Rampage  .    (no gloves)
Will    .....                    (no boots) Stlth
                                 (no amulet)
HPRegen 0.24/turn                j - +6 ring of dexterity
MPRegen 0.08/turn                p - ring of flight

@: flying
A: no striking features
a: no special abilities


You were on level 2 of the Dungeon.
You visited 1 branch of the dungeon, and saw 2 of its levels.

You collected 61 gold pieces.

Inventory:

Hand Weapons
 a - a +0 war axe
 q - a +3 hand axe (weapon)
Armour
 b - a +0 scale mail (worn)
 c - a +0 buckler (worn)
Jewellery
 h - a ring of magical power
 j - a +6 ring of dexterity (left hand)
 p - a ring of flight (right hand)
Scrolls
 e - 2 scrolls of blinking {unknown}
 f - 3 scrolls of identify {unknown}
 g - 3 scrolls of teleportation {unknown}
 n - a scroll of enchant armour {unknown}
Potions
 d - a potion of might
 i - a potion of heal wounds {unknown}
 k - a potion of mutation {unknown}
 l - a potion of attraction {unknown}
 m - a potion of curing {unknown}
 o - a potion of resistance {unknown}


   Skills:
 * Level 3.9 Fighting
 * Level 3.1 Axes
 * Level 3.4 Armour
 * Level 3.4 Shields


You had one spell level left.
You didn't know any spells.
Your spell library was empty.

Dungeon Overview and Level Annotations

Branches:
Dungeon (2/15)

Altars:

Annotations:
D:2 Terence


Message History

Terence the Incautious comes into view.
He is wielding a +0 hand axe.
Found a club and a ring mail.
Terence moves out of view.
An orc comes into view. It is wielding a +0 trident.
Found 5 stones.
The orc shouts!
A rat comes into view.
Terence hits you with a +0 hand axe.
You closely miss Terence. Terence hits you with a +0 hand axe.
You closely miss Terence. Terence hits you with a +0 hand axe!
You hit Terence but do no damage. Terence hits you with a +0 hand axe.
You are too injured to fight recklessly!
You hit Terence.
Terence is lightly wounded.
Terence barely misses you.
You slash Terence!
Terence is heavily wounded.
You block the orc's attack. Terence hits you but does no damage.
The orc closely misses you. Terence hits you with a +0 hand axe.
You barely miss Terence.
Terence is heavily wounded.
The orc hits you but does no damage. Terence hits you with a +0 hand axe.
* * * LOW HITPOINT WARNING * * *
You slash Terence!
Terence is almost dead.
The orc barely misses you.
Terence screams, "I'm going to kill you!"
Terence hits you with a +0 hand axe.
* * * LOW HITPOINT WARNING * * *
You closely miss Terence.
Terence is almost dead.
The orc hits you from afar with a +0 trident.
* * * LOW HITPOINT WARNING * * *
Terence closely misses you.
You hit Terence.
Terence is almost dead.
The orc hits you but does no damage. Terence barely misses you.
You hit Terence but do no damage.
Terence is almost dead.
The orc closely misses you. Terence hits you with a +0 hand axe.
You die...

.# (.... .##
.... ..##.#.
##..#..## .
....$.. ..#
#..o.
....#r@.##
#[..#@.#
#)...###......
###...........
#.#.##......
#.#..#....>.
#.##.#......
#..#.#......
##..........
##.....###.


You could see Terence, an orc and a rat.

Vanquished Creatures
  2 endoplasms (D:1)
  A giant cockroach (D:1)
  2 goblins (D:1)
  A quokka (D:1)
  3 ball pythons (D:1)
  A bat (D:1)
  A kobold (D:1)
  A rat (D:1)
12 creatures vanquished.

Notes
Turn   | Place    | Note
-------+----------+-------------------------------------------
     0 | D:1      | GenialerGandalf the Hill Orc Fighter began the quest for
                  | the Orb.
     0 | D:1      | Reached XP level 1. HP: 19/19 MP: 1/1
   171 | D:1      | Reached XP level 2. HP: 27/27 MP: 2/2
   555 | D:2      | Noticed Terence
   567 | D:2      | Slain by Terence

Illustrated notes

Levels and vault maps discovered:
D:1:      dpeg_arrival_more_subterranean_lakeside_camping, layout_basic
D:2:      layout_rooms, serial_shops, nicolae_shop_waterfront, basic_altar,
          uniq_terence, uniq_robin, uniq_crazy_yiuf_cottage

Skill      XL: |  1  2 |
---------------+-------+-----
Axes           | 3 |  3.1
Fighting       | |  3.9
Armour         | |  3.4
Shields        | |  3.4

Action                   || total
-------------------------++-------
Melee: War axe           ||    21
       Hand axe          ||    10
Armor: Scale mail        ||    11
Dodge: Dodged            ||    21
Block: Buckler           ||     5

Table legend: (Time is in decaauts)
 A = Elapsed time spent in this place.
 B = Non-inter-level travel time spent in this place.
 C = Inter-level travel time spent in this place.
 D = Time resting spent in this place.
 E = Time spent auto-exploring this place.
 F = Levels seen in this place.
 G = Mean time per level.
                   A        B        C        D        E       F      G
               +--------+--------+--------+--------+--------+-----+--------+
         Total |    574 |    574 |      0 |      0 |    390 |   2 |  287.0 |
       Dungeon |    574 |    574 |      0 |      0 |    390 |   2 |  287.0 |
               +--------+--------+--------+--------+--------+-----+--------+

Top non-repeatable levels by time:
     D:1: 550 daAuts
     D:2: 24 daAuts
